 Dungeon Crawl Stone Soup version 0.27-a0-1149-g4505690ab0 (webtiles) character file.

Game seed: 3440923604021963708

1948 leviel the Cleaver (level 8, -18/71 HPs)
             Began as a Minotaur Fighter on May 12, 2021.
             Demolished by a two-headed ogre
             ... wielding a +0 giant club
              (31 damage)
             ... on level 9 of the Dungeon.
             The game lasted 00:05:56 (5142 turns).

leviel the Cleaver (Minotaur Fighter)               Turns: 5142, Time: 00:05:57

Health: -18/71     AC:  7    Str: 23    XL:     8   Next: 98%
Magic:  7/7        EV:  9    Int:  5    God:
Gold:   303        SH: 10    Dex: 10    Spells: 7/7 levels left

rFire    . . .     SeeInvis +   a - +0 war axe
rCold    . . .     Faith    .   c - +0 kite shield
rNeg     . . .     Spirit   .   b - +0 scale mail
rPois    .         Reflect  .   (helmet restricted)
rElec    .         Harm     .   (no cloak)
rCorr    .         Rampage  .   (no gloves)
Will     .....                  (no boots)
Stlth    ..........             (no amulet)
HPRegen  0.21/turn              v - ring of see invisible
MPRegen  0.10/turn              (no ring)

@: no status effects
A: horns 2, retaliatory headbutt
a: no special abilities


You were on level 9 of the Dungeon.
You visited 1 branch of the dungeon, and saw 7 of its levels.
You visited the Abyss 1 time.

You collected 303 gold pieces.

Inventory:

Hand Weapons
 a - a +0 war axe (weapon)
Armour
 b - a +0 scale mail (worn)
 c - a +0 kite shield (worn)
Jewellery
 v - a ring of see invisible (left hand)
Wands
 x - a wand of iceblast (10)
Scrolls
 e - 5 scrolls of identify {unknown}
 h - a scroll of amnesia {unknown}
 j - a scroll of fear {unknown}
 k - a scroll of enchant armour {unknown}
 l - a scroll of summoning {unknown}
 m - a scroll of teleportation {unknown}
 n - 2 scrolls of silence {unknown}
 p - a scroll of enchant weapon {unknown}
 t - a scroll of acquirement {unknown}
 u - a scroll of vulnerability {unknown}
Potions
 d - a potion of might
 f - a potion of curing
 g - 3 potions of heal wounds {unknown}
 i - a potion of brilliance {unknown}
 o - a potion of ambrosia {unknown}
 q - 3 potions of attraction {unknown}
 r - a potion of degeneration {unknown}
 s - 5 potions of berserk rage {unknown}
 w - a potion of flight {unknown}


   Skills:
 + Level 6.5 Fighting
 * Level 9.5 Axes
 + Level 6.6 Armour
 + Level 2.4 Dodging
 + Level 2.4 Stealth
 + Level 6.4 Shields


You had 7 spell levels left.
You didn't know any spells.
Your spell library contained the following spells:

 Spells                   Type           Power      Damage    Failure   Level
 Animate Skeleton         Necr           0%         N/A       98%         1
 Apportation              Tloc           0%         N/A       98%         1
 Corona                   Hex            0%         N/A       98%         1
 Foxfire                  Conj/Fire      0%         2x1d4     98%         1
 Magic Dart               Conj           0%         1d3       98%         1
 Sting                    Tmut/Pois      0%         1d3       98%         1
 Summon Small Mammal      Summ           0%         N/A       98%         1
 Poisonous Vapours        Pois/Air       0%         N/A       99%         2
 Searing Ray              Conj           0%         3d3       99%         2
 Conjure Flame            Conj/Fire      0%         6-21      100%        3
 Dazzling Flash           Conj/Hex       0%         N/A       100%        3
 Ignite Poison            Fire/Tmut/Pois 0%         N/A       100%        3
 Inner Flame              Hex/Fire       0%         N/A       100%        3
 Mephitic Cloud           Conj/Pois/Air  0%         N/A       100%        3
 Fulminant Prism          Conj/Hex       0%         3d6       100%        4
 Iskenderun's Mystic Bla  Conj/Tloc      0%         2d3       100%        4
 Olgreb's Toxic Radiance  Pois           0%         N/A       100%        4
 Sticky Flame             Conj/Fire      0%         2d3       100%        4
 Fireball                 Conj/Fire      0%         3d3       100%        5


Dungeon Overview and Level Annotations

Branches:
Dungeon (9/15)             Temple (0/1) D:5
   Lair: D:8-11         Orc: D:9-12

Altars:
Dithmenos
Fedhas
Hepliaklqana
Sif Muna
Zin

Shops:
D:3 =

Annotations:
D:6 1 runed translucent door, Mels's ghost, amateur OgTm


Innate Abilities, Weirdness & Mutations

You have a pair of horns on your head.
You reflexively headbutt those who attack you in melee.


Message History

(D) Dungeon (T) Temple
Where to? (Enter - D:6, ? - help) Sorry, I don't know how to get there.
Unknown command.
Things that are here:
a +3 shortbow; 20 arrows You open the door.
Found a stone staircase leading up.
There is an open door here.
A two-headed ogre comes into view. It is wielding two +0 giant clubs.
The two-headed ogre shouts in stereo!
A two-headed ogre is nearby!
Found 11 stones.
The two-headed ogre hits you with a +0 giant club!!
The two-headed ogre hits you with a +0 giant club!
Found 10 gold pieces.
You hit the two-headed ogre.
Your headbutt misses the two-headed ogre.
The two-headed ogre is lightly wounded.
The two-headed ogre barely misses you. You furiously retaliate!
You headbutt the two-headed ogre. The two-headed ogre barely misses you.
You hit the two-headed ogre.
You headbutt the two-headed ogre, but do no damage.
The two-headed ogre is lightly wounded.
The two-headed ogre hits you with a +0 giant club!!
* * * LOW HITPOINT WARNING * * *
The two-headed ogre hits you with a +0 giant club.
* * * LOW HITPOINT WARNING * * *
You feel better.
The two-headed ogre hits you with a +0 giant club!
* * * LOW HITPOINT WARNING * * *
The two-headed ogre closely misses you.
You barely miss the two-headed ogre. You headbutt the two-headed ogre!
The two-headed ogre is moderately wounded.
The two-headed ogre barely misses you. x2
You slash the two-headed ogre!
Your headbutt misses the two-headed ogre.
The two-headed ogre is heavily wounded.
The two-headed ogre hits you with a +0 giant club!!
You die...

#...........####.#........
#...........#....#........
#...........#....#......##
#.........###....#......#
#.........#......'......#
###.......#......#......#
#.......#..<...#......#
#...†...#......#......#
#.......#.....@####...#
###.....###...O...#...#
#.......#.......#...#
#.......#.......+ ..#
#.......#.......# ########
##.......#.......# ........
#........#..(....# . .......
###........#...$...# .. .......
#..........#########...######...


You could see a two-headed ogre.

Vanquished Creatures
  Erolcha (D:9)
  The ghost of Demosthentine the Poker, a novice MfGl (D:4)
  Menkaure (D:4)
  2 ogres
  A centaur (D:9)
  A small abomination (Abyss:2)
  A bullfrog (D:9)
  A gnoll sergeant (D:9)
  A quasit (D:9)
  A hound (D:4)
  An iguana (D:4)
  Natasha (thrice) (D:3)
  Robin (D:3)
  6 gnolls
  8 adders
  A shadow imp (D:5)
  A white imp (Abyss:2)
  A worm (D:3)
  2 dart slugs (D:1)
  8 orcs
  5 endoplasms
  2 giant cockroaches
  11 goblins
  9 hobgoblins
  6 jackals
  3 quokkas
  8 ball pythons
  6 bats
  5 frilled lizards
  3 kobolds
  5 rats
  2 toadstools (D:1)
108 creatures vanquished.

Vanquished Creatures (others)
  2 starspawn tentacles (Abyss:2)
  2 toadstools (D:1)
4 creatures vanquished.

Grand Total: 112 creatures vanquished

Notes
Turn   | Place    | Note
-------+----------+-------------------------------------------
     0 | D:1      | leviel the Minotaur Fighter began the quest for the Orb.
     0 | D:1      | Reached XP level 1. HP: 19/19 MP: 0/0
   160 | D:1      | Reached XP level 2. HP: 27/27 MP: 1/1
   303 | D:1      | Found a faded altar of an unknown god.
   459 | D:1      | Reached XP level 3. HP: 25/33 MP: 2/2
  1037 | D:2      | Reached skill level 3 in Axes
  1112 | D:2      | Reached XP level 4. HP: 40/40 MP: 3/3
  1391 | D:3      | Noticed Natasha
  1400 | D:3      | Killed Natasha
  1533 | D:3      | Reached skill level 4 in Axes
  1703 | D:3      | Noticed Natasha
  1708 | D:3      | Killed Natasha
  1709 | D:3      | Reached XP level 5. HP: 47/47 MP: 4/4
  1888 | D:3      | Found a blossoming altar of Fedhas.
  1926 | D:3      | Found Weynyngo's Jewellery Boutique.
  2053 | D:3      | Noticed Natasha
  2057 | D:3      | Killed Natasha
  2058 | D:3      | Reached skill level 1 in Dodging
  2098 | D:3      | Noticed Robin
  2106 | D:3      | Killed Robin
  2539 | D:4      | Noticed an ogre
  2544 | D:4      | Killed an ogre
  2545 | D:4      | Reached skill level 5 in Axes
  2545 | D:4      | Reached XP level 6. HP: 50/53 MP: 5/5
  2886 | D:4      | Found a hazy altar of Hepliaklqana.
  3098 | D:4      | Found a runed translucent door.
  3106 | D:4      | Noticed Demosthentine's ghost (novice MfGl)
  3109 | D:4      | Noticed Menkaure
  3115 | D:4      | Killed Menkaure
  3116 | D:4      | Reached skill level 5 in Fighting
  3116 | D:4      | Reached skill level 6 in Axes
  3116 | D:4      | Reached skill level 5 in Armour
  3116 | D:4      | Reached skill level 5 in Shields
  3485 | D:4      | Killed Demosthentine's ghost
  3486 | D:4      | Reached skill level 7 in Axes
  3486 | D:4      | Reached XP level 7. HP: 50/61 MP: 6/6
  3559 | D:5      | Entered Level 5 of the Dungeon
  3679 | D:5      | Found a staircase to the Ecumenical Temple.
  4077 | D:5      | Found a shimmering blue altar of Sif Muna.
  4191 | D:5      | Found a glowing silver altar of Zin.
  4235 | D:6      | Noticed Mels's ghost (amateur OgTm)
  4242 | D:6      | Found a runed translucent door.
  4266 | D:6      | You fall into a shaft and drop 3 floors!
  4307 | D:9      | Found a shadowy altar of Dithmenos.
  4342 | D:9      | Noticed Erolcha
  4351 | D:9      | Cast into level 2 of the Abyss (Erolcha)
  4421 | Abyss:2  | Noticed a tentacled starspawn
  4432 | D:9      | Escaped the Abyss
  4438 | D:9      | Reached skill level 1 in Stealth
  4438 | D:9      | Reached XP level 8. HP: 15/69 MP: 7/7
  4440 | D:9      | Killed Erolcha
  4441 | D:9      | Reached skill level 9 in Axes
  5135 | D:9      | Noticed a two-headed ogre
  5142 | D:9      | Demolished by a two-headed ogre

Illustrated notes

Levels and vault maps discovered:
D:1:      ldierk_water_garden, layout_basic, hellmonk_ecumenical_altar_run_dry,
          st_stairs_1, minmay_heptomino_h4
D:2:      layout_rooms
D:3:      layout_basic, fedhas_altar_fruit_tree, serial_shops,
          nicolae_shop_crystal, uniq_robin, uniq_natasha
D:4:      layout_cave_pods, lemuel_doored_altar, ebering_ghost_sewer_d,
          uniq_menkaure
D:5:      layout_rooms, kennysheep_mini_moat, led_sif_pool, temple_statues
D:6:      layout_loops_ring, lemuel_tele_altar, old_standard_altar,
          hellmonk_ghost_happy_afterlife, serial_bayou_lagoon_b
D:9:      layout_irregular_city, grunt_dithmenos_smoke, uniq_erolcha

Skill      XL: |  1  2  3  4  5  6  7  8 |
---------------+-------------------------+-----
Shields        | 4 5 6 |  6.4
Fighting       | 4 5 6 |  6.5
Armour         | 4 5 6 |  6.6
Axes           | 3 4 5 7 9 |  9.5
Dodging        | 1 2 |  2.4
Stealth        | 1 2 |  2.4

Action                   |  1- 3 |  4- 6 |  7- 9 || total
-------------------------+-------+-------+-------++-------
Melee: War axe           |    71 |   108 |    72 ||   251
       Headbutt          |     6 |    16 |    20 ||    42
  Use: Potion            |       |     1 |     4 ||     5
Armor: Scale mail        |    41 |    42 |    17 ||   100
Dodge: Dodged            |    28 |    37 |    24 ||    89
Block: Kite shield       |    39 |    57 |    36 ||   132

Table legend: (Time is in decaauts)
 A = Elapsed time spent in this place.
 B = Non-inter-level travel time spent in this place.
 C = Inter-level travel time spent in this place.
 D = Time resting spent in this place.
 E = Time spent auto-exploring this place.
 F = Levels seen in this place.
 G = Mean time per level.
                   A        B        C        D        E       F      G
               +--------+--------+--------+--------+--------+-----+--------+
         Total |   5274 |   5143 |    131 |    539 |   3926 |   8 |  659.2 |
       Dungeon |   5191 |   5060 |    131 |    482 |   3926 |   7 |  741.6 |
         Abyss |     83 |     83 |      0 |     57 |      0 |   1 |   83.0 |
               +--------+--------+--------+--------+--------+-----+--------+

Top non-repeatable levels by time:
     D:4: 1308 daAuts
     D:3: 931 daAuts
     D:9: 804 daAuts
     D:1: 724 daAuts
     D:2: 709 daAuts
     D:5: 678 daAuts
 Abyss:2: 83 daAuts
     D:6: 34 daAuts
